 Dungeon Crawl Stone Soup version 0.20.1-1-g8b1a95d (webtiles) character file.

52 equalderp2856 the Skirmisher (level 3, -5/29 HPs)
             Began as a Mummy Fighter on Oct 25, 2017.
             Killed by divine providence
             ... invoked by an orc priest
              (17 damage)
             ... on level 3 of the Dungeon.
             The game lasted 00:01:17 (1003 turns).

equalderp2856 the Skirmisher (Mummy Fighter)        Turns: 1003, Time: 00:01:17

Health: -5/29      AC:  6    Str: 19    XL:     3   Next: 60%
Magic:  3/3        EV:  7    Int:  8    God:
Gold:   69         SH:  8    Dex: 11    Spells: 2/2 levels left

rFire    x . .     SeeInvis .   a - +0 war axe
rCold    + . .     Gourm    .   c - +0 shield
rNeg     + + +     Faith    .   b - +0 scale mail
rPois    ∞         Spirit   .   (no helmet)
rElec    .         Reflect  .   (no cloak)
rCorr    .         Harm     .   (no gloves)
MR       .....                  (no boots)
Stlth    ..........             (no amulet)
Regen    0.1/turn               (no ring)
MPRegen  0.1/turn               (no ring)

@: no status effects
A: no food or potions, fire vulnerability, cold resistance 1, negative energy
resistance 3, torment resistance, unbreathing
a: no special abilities


You were on level 3 of the Dungeon.
You were not hungry.

You visited 1 branch of the dungeon, and saw 3 of its levels.

You collected 69 gold pieces.

Inventory:

Hand Weapons
 a - a +0 war axe (weapon)
Armour
 b - a +0 scale mail (worn)
 c - a +0 shield (worn)
 h - a +0 pair of gloves
Jewellery
 e - an uncursed ring of flight {unknown}
Wands
 l - a wand of acid (9/15)
Scrolls
 d - a scroll of enchant weapon {unknown}
 f - a scroll of noise {unknown}
 g - a scroll of blinking {unknown}
 i - a scroll of teleportation {unknown}
 j - 2 scrolls of recharging {unknown}
 k - a scroll of amnesia {unknown}


   Skills:
 + Level 3.4 Fighting
 + Level 2.5 Axes
 + Level 2.7 Armour
 + Level 0.2 Dodging
 + Level 2.5 Shields


You had 2 spell levels left.
You didn't know any spells.

Dungeon Overview and Level Annotations

Branches:
Dungeon (3/15)

Altars:
Fedhas
Gozag
Hepliaklqana
Okawaru
Qazlal
Yredelemnul


Innate Abilities, Weirdness & Mutations

You do not eat or drink.
Your flesh is vulnerable to fire.
You are immune to poison.
Your flesh is cold resistant. (rC+)
You are immune to negative energy. (rN+++)
You are immune to unholy pain and torment.
You can survive without breathing.


Message History

You kill the orc!
The orc priest barely misses you.
Unknown command.
You barely miss the orc priest.
The orc priest is heavily wounded.
You hit the kobold. The orc priest hits you with a flail.
The kobold hits you but does no damage. You block the orc priest's attack.
The kobold barely misses you.
You hit the orc priest.
The orc priest is almost dead.
You closely miss the kobold. The kobold hits you but does no damage.
The orc priest casts a cantrip, but nothing happens.
Your shield prevents you from hitting the orc priest.
The orc priest is almost dead.
You slash the kobold!
You kill the kobold!
The orc priest calls down the wrath of Beogh upon you.
Beogh smites you!
Ouch! That really hurt!
You die...

..####
#.#..#
#.#..#
#.#..#
####.#..##
#........#
#.####.#.#
#.# #..<#
#@# ###.#
#)o....#.#
#o.###.#.#
#..# #.#
#... #.#
...#. #.#
##... #.#
.# .


You could see an orc priest and an orc.

Vanquished Creatures
  An ooze (D:1)
  2 worms (D:2)
  2 dart slugs
  A leopard gecko (D:1)
  An orc (D:3)
  6 bats
  2 giant cockroaches
  3 goblins (D:2)
  3 hobgoblins
  A quokka (D:2)
  A ball python (D:2)
  3 frilled lizards
  6 kobolds
  5 rats
37 creatures vanquished.

Notes
Turn   | Place    | Note
-------+----------+-------------------------------------------
     0 | D:1      | equalderp2856 the Mummy Fighter began the quest for the Orb.
     0 | D:1      | Reached XP level 1. HP: 18/18 MP: 1/1
    63 | D:1      | Reached XP level 2. HP: 23/24 MP: 2/2
   477 | D:2      | Reached XP level 3. HP: 28/29 MP: 3/3
   812 | D:2      | Found an iron altar of Okawaru.
   822 | D:2      | Found a blossoming altar of Fedhas.
   830 | D:2      | Found an opulent altar of Gozag.
   830 | D:2      | Found a basalt altar of Yredelemnul.
   830 | D:2      | Found a stormy altar of Qazlal.
   835 | D:2      | Found a hazy altar of Hepliaklqana.
  1003 | D:3      | Killed from afar by an orc priest

Skill      XL: |  1  2 |
---------------+-------+-----
Axes           | 2 |  2.5
Fighting       | |  3.4
Armour         | |  2.7
Dodging        | |  0.2
Shields        | |  2.5

Action                   || total
-------------------------++-------
Melee: War axe           ||   118
Armor: Scale mail        ||    52
Dodge: Dodged            ||    36
Block: Shield            ||    46
